 Dungeon Crawl Stone Soup version 0.23.2-30-g0e89c35649 (webtiles) character file.

Game seed: 41201885002456266

1782 senseless the Slasher (level 8, 0/70 HPs)
             Began as a Minotaur Fighter on June 13, 2019.
             Was a Follower of Qazlal.
             Succumbed to a killer bee's poison
             ... on level 6 of the Dungeon.
             The game lasted 00:13:25 (4205 turns).

senseless the Slasher (Minotaur Fighter)            Turns: 4205, Time: 00:13:26

Health: 0/70       AC: 15    Str: 27    XL:     8   Next: 81%
Magic:  7/7        EV: 10    Int:  5    God:    Qazlal [*.....]
Gold:   255        SH: 14    Dex: 17    Spells: 7/7 levels left

rFire    + + .     SeeInvis .   a - +0 long sword
rCold    + . .     Gourm    .   g - +0 shield
rNeg     . . .     Faith    .   l - +5 chain mail {rF+}
rPois    +         Spirit   .   (helmet restricted)
rElec    +         Reflect  .   (no cloak)
rCorr    +         Harm     .   (no gloves)
MR       .....                  (no boots)
Stlth    ..........             r - amulet of rage
HPRegen  0.21/turn              c - +6 ring of dexterity
MPRegen  0.10/turn              (no ring)

@: mighty, lethally poisoned (0 -> -8), resistant
A: retaliatory headbutt, horns 2
a: Renounce Religion, Evoke Berserk Rage


You were on level 6 of the Dungeon.
You worshipped Qazlal.
Qazlal was aware of your devotion.
You were not hungry.

You visited 1 branch of the dungeon, and saw 6 of its levels.

You collected 255 gold pieces.

Inventory:

Hand Weapons
 a - a +0 long sword (weapon)
 j - a +1 great mace of crushing
 s - a +2 rapier of venom
Armour
 g - a +0 shield (worn)
 l - a +5 chain mail of fire resistance (worn)
 n - a +3 plate armour of ponderousness
Jewellery
 c - a +6 ring of dexterity (left hand)
 r - an amulet of rage (around neck)
Wands
 h - a wand of polymorph (4)
Scrolls
 i - 3 scrolls of remove curse
Potions
 b - a potion of agility
 e - a potion of haste
Comestibles
 f - 9 rations
 k - a chunk of flesh


   Skills:
 + Level 5.8 Fighting
 + Level 7.4 Long Blades
 + Level 7.1 Armour
 * Level 5.2 Dodging
 + Level 7.3 Shields


You had 7 spell levels left.
You didn't know any spells.
Your spell library was empty.

Dungeon Overview and Level Annotations

Branches:
Dungeon (6/15)
 Temple: D:4-7

Altars:
Ashenzari
Cheibriados
Gozag
Qazlal
Trog
The Shining One


Innate Abilities, Weirdness & Mutations

You reflexively headbutt those who attack you in melee.
You have a pair of horns on your head.


Message History

The killer bee closely misses you. You furiously retaliate!
You headbutt the killer bee!
You kill the killer bee!
Qazlal accepts your kill.
Okay, then.
It was a potion of resistance.
You feel protected.
* * * LOW HITPOINT WARNING * * *
You feel sick. The killer bee closely misses you. You furiously retaliate!
You headbutt the killer bee. You closely miss the killer bee.
You headbutt the killer bee!
The killer bee is severely wounded.
* * * LOW HITPOINT WARNING * * *
You feel sick. You block the killer bee's attack.
The killer bee closely misses you. You furiously retaliate!
You headbutt the killer bee.
You kill the killer bee!
Qazlal accepts your kill.
There is a lethal amount of poison in your body!
You die...

#.(......#
#..(.....#
#..(.....#
#........#
##.(>...##
##(...##
#....#
#.).##
#@### #.#
......ยง.#
##.....>.
#######..
#$. #..
#.. #..


There were no monsters in sight!

Vanquished Creatures
  Menkaure (D:5)
  Edmund (D:5)
  A water moccasin (D:5)
  An ice beast (D:5)
  3 sky beasts (D:5)
  A necrophage (D:5)
  2 ogres
  2 centaurs
  A scorpion (D:4)
  3 killer bees (D:6)
  A crimson imp (D:5)
  2 quasits (D:5)
  2 hounds
  An orc priest (D:6)
  An orc wizard (D:4)
  2 iguanas (D:4)
  3 worker ants
  2 howler monkey skeletons
  8 adders
  A shadow imp (D:6)
  An ooze (D:1)
  An adder skeleton (D:6)
  5 dart slugs
  4 leopard geckos
  7 orcs
  A ball python (D:2)
  7 bats
  2 giant cockroaches
  4 goblins
  4 hobgoblins
  2 jackals (D:6)
  8 frilled lizards
  A jackal skeleton (D:5)
  3 kobolds
  A quokka zombie (D:5)
  9 rats
99 creatures vanquished.

Notes
Turn   | Place    | Note
-------+----------+-------------------------------------------
     0 | D:1      | senseless the Minotaur Fighter began the quest for the Orb.
     0 | D:1      | Reached XP level 1. HP: 19/19 MP: 0/0
   174 | D:1      | Reached XP level 2. HP: 26/27 MP: 1/1
   403 | D:1      | Reached XP level 3. HP: 33/33 MP: 2/2
   644 | D:2      | Found a glowing golden altar of the Shining One.
  1010 | D:3      | Found a shattered altar of Ashenzari.
  1117 | D:3      | Reached skill level 1 in Dodging
  1334 | D:3      | Found an opulent altar of Gozag.
  1416 | D:3      | Reached XP level 4. HP: 40/40 MP: 3/3
  1567 | D:3      | Found a snail-covered altar of Cheibriados.
  1656 | D:3      | Found a stormy altar of Qazlal.
  1663 | D:3      | Became a worshipper of Qazlal Stormbringer
  1801 | D:4      | Reached XP level 5. HP: 29/46 MP: 4/4
  2117 | D:4      | Reached skill level 5 in Shields
  2183 | D:4      | Reached skill level 5 in Armour
  2183 | D:4      | Reached XP level 6. HP: 42/53 MP: 5/5
  2695 | D:5      | Entered Level 5 of the Dungeon
  2695 | D:5      | Noticed an ice beast
  2708 | D:5      | Killed an ice beast
  2951 | D:5      | Noticed a water moccasin
  2953 | D:5      | Noticed a sky beast
  2956 | D:5      | Killed a water moccasin
  2956 | D:5      | Reached skill level 5 in Long Blades
  2956 | D:5      | Reached XP level 7. HP: 57/60 MP: 6/6
  3123 | D:5      | Noticed Edmund
  3127 | D:5      | Noticed Menkaure
  3139 | D:5      | Killed Edmund
  3139 | D:5      | Reached skill level 5 in Fighting
  3143 | D:5      | HP: 3/61 [poisoned by a worker ant]
  3144 | D:5      | Killed Menkaure
  3145 | D:5      | HP: 1/61 [poisoned by a worker ant]
  3243 | D:5      | Reached XP level 8. HP: 44/68 MP: 7/7
  3406 | D:5      | Reached * piety under Qazlal
  4033 | D:6      | Found a bloodstained altar of Trog.
  4156 | D:6      | Reached skill level 5 in Dodging
  4202 | D:6      | HP: 3/70 [poisoned by a killer bee]
  4204 | D:6      | HP: 1/70 [poisoned by a killer bee]
  4205 | D:6      | Succumbed to a killer bee's poison

Skill      XL: |  1  2  3  4  5  6  7  8 |
---------------+-------------------------+-----
Shields        | 4 5 6 7 |  7.3
Armour         | 4 5 6 7 |  7.1
Fighting       | 4 5 |  5.8
Long Blades    | 3 4 5 6 7 |  7.4
Dodging        | 1 2 3 4 5 |  5.2

Action                   |  1- 3 |  4- 6 |  7- 9 || total
-------------------------+-------+-------+-------++-------
Melee: Long sword        |   104 |   105 |   151 ||   360
       Headbutt          |    17 |    15 |    35 ||    67
  Use: Scroll            |     6 |    10 |     3 ||    19
       Potion            |       |     2 |     5 ||     7
  Eat: Chunk             |     1 |     6 |     4 ||    11
Armor: Scale mail        |    32 |       |       ||    32
       Chain mail        |    14 |    65 |    79 ||   158
Dodge: Dodged            |    18 |    43 |    38 ||    99
Block: Shield            |    55 |    65 |   103 ||   223
       Rpst.: Long sword |     5 |    17 |     8 ||    30
